 Dungeon Crawl Stone Soup version 0.32-a0-909-gc671339a80 (webtiles) character file.

Game seed: 12400823521312577080

1386 Fractals the Firebug (level 8, 0/81 HPs)
             Began as a Human Fire Elementalist on Apr 6, 2024.
             Was a Follower of Hepliaklqana.
             Slain by Pikel
             ... wielding a +1 whip of freezing
              (6 damage)
             ... on level 5 of the Dungeon.
             The game lasted 00:24:44 (6104 turns).

Fractals the Firebug (Human Fire Elementalist)      Turns: 6104, Time: 00:24:45

Health: 0/81       AC:  4    Str:  8    XL:     8   Next: 67%
Magic:  16/23      EV: 12    Int: 18    God:    Hepliaklqana [*.....]
Gold:   228        SH:  0    Dex: 14    Spells: 5/15 levels left

rFire   . . .        c - +1 dagger
rCold   . . .        (no shield)
rNeg    . . .        a - +0 robe
rPois   +            h - +1 hat
rElec   .            G - +0 cloak
rCorr   .            (no gloves)
SInv    .            (no boots)
Will    .....        (no amulet) Stlth
                     j - ring of magical power
HPRegen 0.33/turn    k - ring of poison resistance
MPRegen 0.18/turn

%: no passive effects
@: berserking, very quick
A: reduced essence, explore regen
a: Renounce Religion, Recall Ancestor, Ancestor Identity


You were on level 5 of the Dungeon.
You worshipped Hepliaklqana.
Hepliaklqana was aware of your devotion.
You visited 2 branches of the dungeon, and saw 6 of its levels.

You collected 254 gold pieces.
You spent 26 gold pieces at shops.

Inventory:

Hand Weapons
 c - a +1 dagger (weapon)
 w - a +0 dagger of electrocution
 D - a +3 dagger
Missiles
 p - a throwing net
Armour
 a - a +0 robe (worn)
 f - a +0 helmet
 h - a +1 hat (worn)
 G - a +0 cloak (worn)
Jewellery
 j - a ring of magical power (left hand)
 k - a ring of poison resistance (right hand)
 n - a ring of willpower
 F - a ring of protection from fire
Wands
 d - a wand of light (7)
 q - a wand of flame (19)
 y - a wand of charming (2)
Scrolls
 g - a scroll of poison {unknown}
 i - 2 scrolls of identify
 l - a scroll of blinking {unknown}
 m - a scroll of enchant weapon
 r - 2 scrolls of butterflies
 s - a scroll of immolation {unknown}
 t - a scroll of amnesia
 u - a scroll of acquirement {unknown}
 C - a scroll of silence {unknown}
 E - a scroll of teleportation
Potions
 b - a potion of magic
 o - a potion of enlightenment
 z - 2 potions of haste {unknown}
 A - a potion of lignification {unknown}
 B - a potion of curing {unknown}


   Skills:
 - Level 4.0 Fighting
 - Level 3.0 Dodging
 - Level 3.0 Stealth
 - Level 4.0 Spellcasting
 - Level 4.0 Conjurations
 + Level 2.6 Translocations
 + Level 5.0 Fire Magic
 - Level 5.0 Invocations


You had 5 spell levels left.
You knew the following spells:

 Your Spells              Type           Power      Damage    Failure   Level
a - Foxfire               Conj/Fire      76%        2x1d7     2%          1
b - Scorch                Fire           42%        2d6       2%          2
c - Volatile Blastmotes   Fire/Tloc      34%        2d12      9%          3
d - Flame Wave            Conj/Fire      19%        2d7       22%         4

Your spell library contained the following spells:

 Spells                   Type           Power      Damage    Failure   Level
 Inner Flame              Hex/Fire       12%        N/A       16%         3
 Call Imp                 Summ           6%         N/A       22%         2
 Sublimation of Blood     Necr           3%         N/A       22%         2
 Summon Hydra             Summ           1%         N/A       100%        7


Dungeon Overview and Level Annotations

Branches:
Dungeon (5/15)             Temple (1/1) D:4

Altars:
Ashenzari
Dithmenos
Elyvilon
Hepliaklqana
Kikubaaqudgha
Nemelex Xobeh
Qazlal
Sif Muna
Trog
Uskayaw
Xom
Yredelemnul
The Shining One

Shops:
D:2 :!*==   D:3 ?   D:5 ?

Annotations:
D:5 Pikel


Innate Abilities, Weirdness & Mutations

Your life essence is reduced to manifest your ancestor. (-10% HP)
You regain HP and MP as you explore.


Message History

* * * LOW HITPOINT WARNING * * *
Pikel freezes you.
* * * LOW HITPOINT WARNING * * *
It was a potion of berserk rage.
A red film seems to cover your vision as you go berserk!
You feel yourself moving faster!
You feel mighty! The lemure completely misses you.
Pikel zaps a wand.
Your mind is blasted!
* * * LOW HITPOINT WARNING * * *
You hit Pikel.
Pikel is severely wounded.
The lemure hits you.
* * * LOW HITPOINT WARNING * * *
Initadam hits Pikel but does no damage.
The lemure hits you.
* * * LOW HITPOINT WARNING * * *
You hit Pikel but do no damage.
Pikel is severely wounded.
Pikel zaps a wand.
You struggle to resist.
The lemure barely misses you.
You closely miss Pikel.
Pikel is severely wounded.
Initadam hits Pikel but does no damage.
The lemure closely misses you.
Pikel hits you with a +1 whip of freezing.
* * * LOW HITPOINT WARNING * * *
Pikel freezes you.
* * * LOW HITPOINT WARNING * * *
You puncture Pikel!
Pikel is almost dead.
The lemure misses you.
Initadam hits Pikel.
The lemure closely misses you.
You hit Pikel.
Pikel is almost dead.
Pikel closely misses you.
Unknown command.
You hit Pikel but do no damage.
Pikel is almost dead.
The lemure hits you.
* * * LOW HITPOINT WARNING * * *
Initadam closely misses Pikel.
The lemure hits you but does no damage.
Pikel hits you with a +1 whip of freezing.
You die...
Pikel says, "Another soul for the market."
Hepliaklqana delivers you to your ancestors.

#.......#...<.................##.
#...###.#................#######.
.....(#...............##.## ###.
..###.#.....##........##..####...
....#.......##..............##...
###.#.................###........
..#...........R...∩...# ##.###...
..#............K5..[..# #..#....
.....##.....##Y5@.....# ##...[..
....###.....####.##.### #......
..5###.......##..##.# #...###
.#...#K......##.###.#### #..##
####.5R......##.# #....####.## #
####Y....###.# #.##......##
##....##..###..~~.~~...#
####......###.........# ##.....#
###...~~~.#


You could see the friendly Initadam the ancestor, Pikel, an ice beast and 2
lemures.

Vanquished Creatures
  Grinder (D:5)
  A water moccasin (D:5)
  An ogre (D:5)
  A phantom (D:4)
  2 lemures (D:5)
  A kobold brigand (D:5)
  3 scorpions
  A howler monkey (D:5)
  2 bombardier beetles (D:4)
  A jelly (D:4)
  A hound (D:4)
  2 iguanas (D:4)
  Ijyb (D:5)
  3 orc wizards
  6 adders
  A gnoll (D:2)
  3 ribbon worms
  3 dart slugs
  8 orcs
  7 ball pythons
  9 endoplasms
  4 giant cockroaches
  7 goblins
  9 hobgoblins
  3 jackals (D:2)
  4 quokkas
  7 bats
  2 frilled lizards (D:1)
  15 kobolds
  8 rats
117 creatures vanquished.

Vanquished Creatures (collateral kills)
  A water moccasin (D:5)
  A scorpion (D:5)
  12 kobolds (D:5)
  A foxfire (D:5)
15 creatures vanquished.

Vanquished Creatures (others)
  An ancestor (D:5)
  200 foxfires
201 creatures vanquished.

Grand Total: 333 creatures vanquished

Notes
Turn   | Place    | Note
-------+----------+-------------------------------------------
     0 | D:1      | Fractals the Human Fire Elementalist began the quest for
                  | the Orb.
     0 | D:1      | Reached XP level 1. HP: 13/13 MP: 3/3
    49 | D:1      | Reached skill level 1 in Fighting
   114 | D:1      | Reached XP level 2. HP: 17/21 MP: 0/5
   589 | D:1      | Learned a level 2 spell: Scorch
   740 | D:1      | Reached XP level 3. HP: 27/27 MP: 4/6
   943 | D:2      | Found Etwur's Distillery.
   958 | D:2      | Found Asso's Book Shop.
  1065 | D:2      | Found Ciskifios's Jewellery Shop.
  1209 | D:2      | Found Hasaj's Assorted Antiques.
  1549 | D:2      | Reached XP level 4. HP: 33/33 MP: 7/7
  1763 | D:2      | Found a sparkling altar of Nemelex Xobeh.
  1792 | D:2      | Found Eliawnae's Jewellery Emporium.
  2435 | D:3      | Found a faded altar of an unknown god.
  2475 | D:3      | Noticed a scorpion
  2486 | D:3      | Killed a scorpion
  2487 | D:3      | Reached XP level 5. HP: 18/38 MP: 7/8
  2666 | D:3      | Reached XP level 6. HP: 23/46 MP: 9/10
  2907 | D:3      | Found Zyv Bips's Magic Scroll Shop.
  2911 | D:3      | Bought a scroll of identify for 26 gold pieces
  3284 | D:4      | Learned a level 3 spell: Volatile Blastmotes
  3646 | D:4      | Reached skill level 1 in Translocations
  3777 | D:4      | Found a staircase to the Ecumenical Temple.
  3796 | Temple   | Entered the Ecumenical Temple
  4002 | D:4      | Reached XP level 7. HP: 52/52 MP: 11/11
  4222 | D:4      | Found a hazy altar of Hepliaklqana.
  4232 | D:4      | Became a worshipper of Hepliaklqana the Forgotten
  4687 | D:5      | Entered Level 5 of the Dungeon
  4884 | D:5      | Found a shimmering blue altar of Sif Muna.
  4949 | D:5      | Reached skill level 5 in Fire Magic
  5028 | D:5      | Noticed Grinder
  5042 | D:5      | Killed Grinder
  5043 | D:5      | Reached XP level 8. HP: 60/60 MP: 12/12
  5043 | D:5      | Noticed Ijyb
  5046 | D:5      | Found Foenk's Magic Scroll Emporium.
  5072 | D:5      | Killed Ijyb
  5111 | D:5      | Reached * piety under Hepliaklqana
  5642 | D:5      | Learned a level 4 spell: Flame Wave
  5957 | D:5      | Reached skill level 5 in Invocations
  5970 | D:5      | Noticed Pikel
  6104 | D:5      | Slain by Pikel

Illustrated notes

Levels and vault maps discovered:
D:1:      spicycebolla_green_bress_n_ham_2, layout_basic
D:2:      wad_river_or_something, layout_basic, serial_shops,
          nicolae_shop_tiny_waterfront, nicolae_shop_hallway_stairs, shop, shop,
          nicolae_shop_dealshenge, basic_altar, kennysheep_generic_room_5
D:3:      layout_basic, shapermc_ecumenical_altar_pompeii, serial_shops,
          nicolae_shop_rolled_up
D:4:      layout_basic, nicolae_hepliaklqana_hazy_memory,
          minmay_temple_entry_slanted, serial_curves, eino_curves_03,
          eino_curves_02
D:5:      kennysheep_kobold_camp, layout_rooms, hellmonk_sif_muna_bookshelves,
          serial_shops, shop, hangedman_abyss_or_decor_stabs,
          hangedman_abyss_or_decor_passed, chequers_serial_rivers_micro_c,
          minivault_11, uniq_grinder, uniq_ijyb, uniq_pikel
Temple:   hellmonk_temple_flake

Skill      XL: |  1  2  3  4  5  6  7  8 |
---------------+-------------------------+-----
Fighting       | 1 2 3 4 |  4.0
Stealth        | 3 |  3.0
Fire Magic     | 4 5 |  5.0
Conjurations   | 2 4 |  4.0
Spellcasting   | 3 4 |  4.0
Translocations | 2 |  2.6
Dodging        | 3 |  3.0
Invocations    | 3 5 |  5.0

Action                     |  1- 3 |  4- 6 |  7- 9 || total
---------------------------+-------+-------+-------++-------
  Melee: Dagger            |    76 |    45 |    63 ||   184
   Cast: Foxfire           |    27 |    37 |    52 ||   116
         Scorch            |     9 |    30 |    35 ||    74
         Volatile Blastmot |       |     6 |     1 ||     7
    Use: Scroll            |     2 |     5 |     1 ||     8
         Potion            |     1 |       |     3 ||     4
   Stab: Sleeping          |     5 |     1 |     2 ||     8
 Armour: Robe              |    42 |    38 |    76 ||   156
  Dodge: Dodged            |    61 |    34 |    54 ||   149

Table legend: (Time is in decaauts)
 A = Elapsed time spent in this place.
 B = Non-inter-level travel time spent in this place.
 C = Inter-level travel time spent in this place.
 D = Time resting spent in this place.
 E = Time spent auto-exploring this place.
 F = Levels seen in this place.
 G = Mean time per level.
                   A        B        C        D        E       F      G
               +--------+--------+--------+--------+--------+-----+--------+
         Total |   6105 |   5984 |    121 |   1480 |   2869 |   6 | 1017.5 |
       Dungeon |   6104 |   5983 |    121 |   1480 |   2869 |   5 | 1220.8 |
        Temple |      1 |      1 |      0 |      0 |      0 |   1 |    1.0 |
               +--------+--------+--------+--------+--------+-----+--------+

Top non-repeatable levels by time:
     D:4: 1772 daAuts
     D:2: 1414 daAuts
     D:5: 1184 daAuts
     D:1: 955 daAuts
     D:3: 776 daAuts
  Temple: 1 daAuts
